Santa Cruz Tiger Sharks vs Newfoundland Shamrocks
Created - Tuesday, April 11, 2023 at 07:29
Goals
|
| Santa Cruz Tiger Sharks |
1 |
1 |
1 |
3 |
| Newfoundland Shamrocks |
1 |
2 |
4 |
7 |
|
Shots
|
| Santa Cruz Tiger Sharks |
10 |
11 |
12 |
33 |
| Newfoundland Shamrocks |
12 |
12 |
16 |
40 |
|
1st period
1. Newfoundland Shamrocks , Denis Gurianov 8 (Riley Barber 3, Sam Poulin 5) at 3:51 (PP)
2. Santa Cruz Tiger Sharks , Alexander Volkov 6 (Evgeny Svechnikov 5, Hunter Drew 4) at 8:11
Penalties :
Tobias Bjornfot (SCS) for Hooking (Minor) at 3:19
2nd period
3. Santa Cruz Tiger Sharks , Jesper Boqvist 13 (Zach Sanford 18, Michael McLeod 19) at 7:52 (PP)
4. Newfoundland Shamrocks , Raphael Lavoie 5 (Nicolas Deslauriers 15, Max Comtois 14) at 11:26
5. Newfoundland Shamrocks , Riley Barber 9 (Denis Gurianov 10, Semyon Der-Arguchintsev 8) at 12:10 (PP)
Penalties :
Filip Hallander (NFS) for Tripping (Minor) at 3:54, Nicolas Deslauriers (NFS) for High sticking (Minor) at 7:37, Sean Monahan (NFS) for Hooking (Minor) at 8:49, Kailer Yamamoto (SCS) for Hooking (Minor) at 11:31, Ville Heinola (NFS) for Interference (Minor) at 14:55
3rd period
6. Newfoundland Shamrocks , Drew O'Connor 5 (Riley Barber 4, Dylan Coghlan 11) at 0:53
7. Newfoundland Shamrocks , Max Comtois 21 (Alex Chiasson 22) at 4:34 (PP)
8. Newfoundland Shamrocks , Alex Chiasson 15 (Sean Monahan 8, Ville Heinola 6) at 10:59
9. Santa Cruz Tiger Sharks , Kailer Yamamoto 13 (Hunter Drew 5, Travis Boyd 16) at 15:53
10. Newfoundland Shamrocks , Drew O'Connor 6 (Tanner Laczynski 14, Riley Barber 5) at 19:21
Penalties :
Travis Boyd (SCS) for Hooking (Minor) at 4:17, Calle Rosen (SCS) for Holding (Minor) at 4:56, Sam Poulin (NFS) for Roughing (Minor) at 6:40
Goalie Stats
Mikhail Berdin (SCS), 33 saves from 40 shots - (0.825), L, 6-2-0, 60:00 minutes
Louis Domingue (NFS), 30 saves from 33 shots - (0.909), W, 6-6-3, 60:00 minutes
Players Stats for Santa Cruz Tiger Sharks
Player Name G A P +/- PIM S H SB GA TA FO MP PP MP PK MP
------------------------------------------------------------------------------------
Alexander Volkov 1 0 1 1 0 5 0 0 0 0 0/0 9:33 0:00 0:41
Austin Strand 0 0 0 -1 0 4 0 3 0 6 0/0 22:26 4:22 1:35
Calle Rosen 0 0 0 -2 2 0 0 0 0 0 0/0 21:05 3:40 0:49
Carter Rowney 0 0 0 -1 0 0 0 0 0 0 0/0 11:29 0:00 0:00
David Gustafsson 0 0 0 1 0 3 2 1 0 0 1/3 8:52 0:00 0:00
Evgeny Svechnikov 0 1 1 1 0 1 0 0 0 0 0/0 8:52 0:00 0:00
Hunter Drew 0 2 2 1 0 2 1 1 0 1 0/0 15:46 0:00 0:00
Jack Roslovic 0 0 0 -2 0 1 0 0 1 1 11/25 20:02 3:50 1:33
Jesper Boqvist 1 0 1 0 0 5 3 0 1 1 0/0 17:58 4:06 0:00
Kailer Yamamoto 1 0 1 -2 2 2 1 0 0 1 2/2 19:34 3:50 1:06
Kevin Rooney 0 0 0 -1 0 1 3 1 0 0 1/6 11:29 0:00 0:00
Kieffer Bellows 0 0 0 -1 0 1 0 0 0 0 0/1 11:29 0:00 0:00
Kristians Rubins 0 0 0 -2 0 0 0 0 0 0 0/0 21:48 3:34 1:37
Michael McLeod 0 1 1 0 0 3 1 0 1 0 14/24 19:37 4:06 1:39
Sean Day 0 0 0 -1 0 1 1 0 0 0 0/0 22:26 4:22 1:35
Tobias Bjornfot 0 0 0 1 2 0 2 2 0 0 0/0 16:33 0:00 0:48
Travis Boyd 0 1 1 -2 2 1 4 0 0 1 1/1 19:29 3:44 1:22
Zach Sanford 0 1 1 0 0 3 1 0 2 1 1/3 18:01 4:06 0:03
Players Stats for Newfoundland Shamrocks
Player Name G A P +/- PIM S H SB GA TA FO MP PP MP PK MP
------------------------------------------------------------------------------------
Alec Regula 0 0 0 -1 0 0 0 2 0 0 0/0 20:32 0:00 3:10
Alex Chiasson 1 1 2 0 0 6 0 1 2 1 2/2 20:18 1:56 1:13
Denis Gurianov 1 1 2 0 0 7 0 0 2 0 0/1 17:13 1:16 0:19
Drew O'Connor 2 0 2 2 0 4 4 1 1 0 0/1 14:39 0:00 4:30
Dylan Coghlan 0 1 1 2 0 2 4 2 1 0 0/0 26:26 0:00 4:46
Filip Hallander 0 0 0 0 2 2 1 0 1 0 1/1 10:11 0:00 1:50
Jacob Bernard-Docker 0 0 0 1 0 0 1 0 0 0 0/0 12:30 2:37 0:00
Jon Merrill 0 0 0 2 0 1 1 2 0 1 0/0 26:26 0:00 4:46
Max Comtois 1 1 2 0 0 1 0 1 2 0 0/1 16:07 1:56 0:00
Nicolas Deslauriers 0 1 1 0 2 2 0 0 0 0 1/3 16:20 0:35 1:44
Raphael Lavoie 1 0 1 0 0 1 1 0 0 0 4/12 15:50 1:56 0:00
Riley Barber 1 3 4 2 0 3 3 0 0 0 0/0 11:25 1:16 0:00
Sam Poulin 0 1 1 0 2 0 2 0 0 0 0/0 10:16 2:36 0:00
Sean Monahan 0 1 1 0 2 5 2 1 2 2 21/36 20:36 0:00 3:45
Semyon Der-Arguchintsev 0 1 1 0 0 1 0 1 1 0 1/2 8:56 1:16 0:00
Tanner Laczynski 0 1 1 2 0 2 4 1 0 0 4/6 12:40 0:00 2:31
Ville Heinola 0 1 1 -1 2 0 1 0 0 1 0/0 17:11 0:35 0:00
Wyatte Wylie 0 0 0 1 0 3 2 1 0 0 0/0 14:08 0:00 3:10
3 Stars
1 - Riley Barber (NFS)
2 - Drew O'Connor (NFS)
3 - Dylan Coghlan (NFS)
Power Play
Santa Cruz Tiger Sharks - 1 on 5 Attempt(s) - 20.00%
Newfoundland Shamrocks - 3 on 4 Attempt(s) - 75.00%
Penalty Kill
Santa Cruz Tiger Sharks - 1 on 4 Attempt(s) - 25.00%
- Score 0 goal in Penalty Kill
Newfoundland Shamrocks - 4 on 5 Attempt(s) - 80.00%
- Score 0 goal in Penalty Kill
Team Stat
Santa Cruz Tiger Sharks - Hits : 19 - Faceoff Wins : 31 - Blocked Shots : 8 - Penalty Minutes : 8
Newfoundland Shamrocks - Hits : 26 - Faceoff Wins : 34 - Blocked Shots : 13 - Penalty Minutes : 10
Official
Referees : Dave Jackson and Kendrick Nicholson
Linesman : Brian Murphy and Steve Barton
Game Notes
8:11 of 1st period - Santa Cruz Tiger Sharks goal is going for a video replay. After video review, Goal.
Santa Cruz Tiger Sharks
5 vs 5 Forward
Center Left Wing Right Wing Time % Phy DF OF
1 Jack Roslovic Travis Boyd Kailer Yamamoto 30 1 2 2
2 Michael McLeod Zach Sanford Jesper Boqvist 30 1 2 2
3 Kevin Rooney Kieffer Bellows Carter Rowney 25 1 2 2
4 David Gustafsson Evgeny Svechnikov Alexander Volkov 15 1 2 2
5 vs 5 Defense
Defense Defense Time % Phy DF OF
1 Austin Strand Sean Day 35 1 2 2
2 Calle Rosen Kristians Rubins 35 1 2 2
3 Hunter Drew Tobias Bjornfot 30 1 2 2
4 Austin Strand Sean Day 0 1 2 2
PowerPlay Forward
Center Left Wing Right Wing Time % Phy DF OF
1 Jack Roslovic Travis Boyd Kailer Yamamoto 50 1 2 2
2 Michael McLeod Zach Sanford Jesper Boqvist 50 1 2 2
PowerPlay Defense
Defense Defense Time % Phy DF OF
1 Austin Strand Sean Day 50 1 2 2
2 Calle Rosen Kristians Rubins 50 1 2 2
Penalty Kill 4 Players Forward
Center Wing Time % Phy DF OF
1 Jack Roslovic Kailer Yamamoto 50 1 2 2
2 Michael McLeod Travis Boyd 50 1 2 2
Penalty Kill 4 Players Defense
Defense Defense Time % Phy DF OF
1 Austin Strand Sean Day 50 1 2 2
2 Calle Rosen Kristians Rubins 50 1 2 2
Penalty Kill - 3 Players Forward
Forward Time % Phy DF OF
1 Jack Roslovic 50 1 2 2
2 Kailer Yamamoto 50 1 2 2
Penalty Kill - 3 Players Defense
Defense Defense Time % Phy DF OF
1 Austin Strand Sean Day 50 1 2 2
2 Calle Rosen Kristians Rubins 50 1 2 2
4 vs 4 Forward
Center Wing Time % Phy DF OF
1 Jack Roslovic Kailer Yamamoto 50 1 2 2
2 Michael McLeod Travis Boyd 50 1 2 2
4 vs 4 Defense
Defense Defense Time % Phy DF OF
1 Austin Strand Sean Day 50 1 2 2
2 Calle Rosen Kristians Rubins 50 1 2 2
Last Minutes Offensive
Center Left Wing Right Wing Defense Defense
Jack Roslovic Travis Boyd Kailer Yamamoto Austin Strand Sean Day
Last Minutes Defensive
Center Left Wing Right Wing Defense Defense
Jack Roslovic Travis Boyd Kailer Yamamoto Austin Strand Sean Day
Goaltenders
Starting : Mikhail Berdin
Backup : Carter Hart
Extra Forwards
Normal : Kevin Rooney, Carter Rowney, Alexander Volkov - PP : Kevin Rooney, Carter Rowney - PK : Alexander Volkov
Extra Defensemen
Normal : Hunter Drew, Austin Strand, Calle Rosen - PP : Hunter Drew - PK : Sean Day, Calle Rosen
Penalty Shots
Jack Roslovic, Kailer Yamamoto, Michael McLeod, Travis Boyd, Zach Sanford
Newfoundland Shamrocks
5 vs 5 Forward
Center Left Wing Right Wing Time % Phy DF OF
1 Sean Monahan Denis Gurianov Alex Chiasson 40 1 2 2
2 Raphael Lavoie Max Comtois Nicolas Deslauriers 30 1 2 2
3 Tanner Laczynski Drew O'Connor Riley Barber 20 1 2 2
4 Semyon Der-Arguchintsev Filip Hallander Sam Poulin 10 1 2 2
5 vs 5 Defense
Defense Defense Time % Phy DF OF
1 Jon Merrill Dylan Coghlan 40 1 2 2
2 Alec Regula Ville Heinola 30 1 2 2
3 Jacob Bernard-Docker Wyatte Wylie 20 1 2 2
4 Jon Merrill Dylan Coghlan 10 1 2 2
PowerPlay Forward
Center Left Wing Right Wing Time % Phy DF OF
1 Raphael Lavoie Max Comtois Alex Chiasson 60 1 2 2
2 Semyon Der-Arguchintsev Denis Gurianov Riley Barber 40 1 2 2
PowerPlay Defense
Defense Defense Time % Phy DF OF
1 Sam Poulin Jacob Bernard-Docker 60 1 2 2
2 Nicolas Deslauriers Ville Heinola 40 1 2 2
Penalty Kill 4 Players Forward
Center Wing Time % Phy DF OF
1 Sean Monahan Drew O'Connor 60 1 2 2
2 Tanner Laczynski Filip Hallander 40 1 2 2
Penalty Kill 4 Players Defense
Defense Defense Time % Phy DF OF
1 Jon Merrill Dylan Coghlan 60 1 2 2
2 Wyatte Wylie Alec Regula 40 1 2 2
Penalty Kill - 3 Players Forward
Forward Time % Phy DF OF
1 Sean Monahan 60 1 2 2
2 Tanner Laczynski 40 1 2 2
Penalty Kill - 3 Players Defense
Defense Defense Time % Phy DF OF
1 Jon Merrill Dylan Coghlan 60 1 2 2
2 Alec Regula Wyatte Wylie 40 1 2 2
4 vs 4 Forward
Center Wing Time % Phy DF OF
1 Sean Monahan Alex Chiasson 60 1 2 2
2 Semyon Der-Arguchintsev Denis Gurianov 40 1 2 2
4 vs 4 Defense
Defense Defense Time % Phy DF OF
1 Jon Merrill Dylan Coghlan 60 1 2 2
2 Alec Regula Ville Heinola 40 1 2 2
Last Minutes Offensive
Center Left Wing Right Wing Defense Defense
Raphael Lavoie Max Comtois Sam Poulin Jon Merrill Alec Regula
Last Minutes Defensive
Center Left Wing Right Wing Defense Defense
Tanner Laczynski Alex Chiasson Nicolas Deslauriers Jon Merrill Alec Regula
Goaltenders
Starting : Louis Domingue
Backup : Dustin Tokarski
Extra Forwards
Normal : Max Comtois, Sean Monahan, Denis Gurianov - PP : Sean Monahan, Tanner Laczynski - PK : Nicolas Deslauriers
Extra Defensemen
Normal : Alec Regula, Jon Merrill, Dylan Coghlan - PP : Wyatte Wylie - PK : Ville Heinola, Jacob Bernard-Docker
Penalty Shots
Alex Chiasson, Max Comtois, Nicolas Deslauriers, Riley Barber, Filip Hallander
% Time on Ice - Santa Cruz Tiger Sharks
Lines # - Real PCT - Wanted PCT - Time Play
Normal Forward
1 - 30% - 30% - 14:24
2 - 29% - 30% - 13:52
3 - 24% - 25% - 11:29
4 - 18% - 15% - 8:52
Normal Defense
1 - 33% - 35% - 16:14
2 - 34% - 35% - 16:37
3 - 32% - 30% - 15:46
4 - 0% - 0% - 0:00
PP Forward
1 - 48% - 50% - 3:50
2 - 52% - 50% - 4:06
PP Defense
1 - 55% - 50% - 4:22
2 - 45% - 50% - 3:34
PK Forward
1 - 48% - 50% - 1:33
2 - 52% - 50% - 1:39
PK Defense
1 - 49% - 50% - 1:35
2 - 51% - 50% - 1:37
PK3 Forward
1 - 0% - 50%
2 - 0% - 50%
PK3 Defense
1 - 0% - 50%
2 - 0% - 50%
44 Forward
1 - 100% - 50% - 0:15
2 - 0% - 50% - 0:00
44 Defense
1 - 100% - 50% - 0:15
2 - 0% - 50% - 0:00
Last Minute Offensive - 0:00
Last Minute Defensive - 0:00
Total
Forward - 60:00
Defense - 60:00
|
% Time on Ice - Newfoundland Shamrocks
Lines # - Real PCT - Wanted PCT - Time Play
Normal Forward
1 - 35% - 40% - 16:54
2 - 29% - 30% - 13:54
3 - 21% - 20% - 10:09
4 - 16% - 10% - 7:40
Normal Defense
1 - 40% - 40% - 19:40
2 - 36% - 30% - 17:22
3 - 20% - 20% - 9:50
4 - 4% - 10% - 1:45
PP Forward
1 - 60% - 60% - 1:56
2 - 40% - 40% - 1:16
PP Defense
1 - 82% - 60% - 2:37
2 - 18% - 40% - 0:35
PK Forward
1 - 78% - 60% - 6:11
2 - 22% - 40% - 1:45
PK Defense
1 - 60% - 60% - 4:46
2 - 40% - 40% - 3:10
PK3 Forward
1 - 0% - 60%
2 - 0% - 40%
PK3 Defense
1 - 0% - 60%
2 - 0% - 40%
44 Forward
1 - 100% - 60% - 0:15
2 - 0% - 40% - 0:00
44 Defense
1 - 100% - 60% - 0:15
2 - 0% - 40% - 0:00
Last Minute Offensive - 0:00
Last Minute Defensive - 0:00
Total
Forward - 60:00
Defense - 60:00
|
Play-by-Play
1st period
0:01 of 1st period - Kailer Yamamoto wins face-off versus Sean Monahan in neutral zone.
0:31 of 1st period - Wrist shot by Nicolas Deslauriers.
0:31 of 1st period - Deflect By Max Comtois.
0:31 of 1st period - Shot Misses the Net.
0:31 of 1st period - Puck is out of play.
0:32 of 1st period - Tanner Laczynski wins face-off versus Kevin Rooney in Santa Cruz Tiger Sharks zone.
0:44 of 1st period - Snap shot by Kevin Rooney.
0:44 of 1st period - Shot Misses the Net.
1:29 of 1st period - Slapshot by Alex Chiasson.
1:29 of 1st period - Stopped by Mikhail Berdin with a rebound.
1:31 of 1st period - Slapshot by Sean Monahan.
1:31 of 1st period - Shot Blocked by Tobias Bjornfot.
1:33 of 1st period - Snap shot by Alex Chiasson.
1:33 of 1st period - Shot Misses the Net.
1:47 of 1st period - Nicolas Deslauriers is hit by Travis Boyd.
1:52 of 1st period - Off-side.
1:53 of 1st period - Jack Roslovic wins face-off versus Raphael Lavoie in neutral zone.
2:38 of 1st period - Snap shot by Max Comtois.
2:38 of 1st period - Shot Misses the Net.
2:40 of 1st period - Wrist shot by Max Comtois.
2:40 of 1st period - Shot Misses the Net.
2:42 of 1st period - Snap shot by Max Comtois.
2:42 of 1st period - Shot Misses the Net.
2:44 of 1st period - Slapshot by Wyatte Wylie.
2:44 of 1st period - Deflect By Kailer Yamamoto.
2:44 of 1st period - Stopped by Mikhail Berdin without a rebound.
2:45 of 1st period - Sean Monahan wins face-off versus Kevin Rooney in Santa Cruz Tiger Sharks zone.
2:48 of 1st period - Snap shot by Sean Monahan.
2:48 of 1st period - Shot Misses the Net.
2:50 of 1st period - Wrist shot by Denis Gurianov.
2:50 of 1st period - Stopped by Mikhail Berdin with a rebound.
2:52 of 1st period - Wrist shot by Dylan Coghlan.
2:52 of 1st period - Shot Misses the Net.
2:54 of 1st period - Slapshot by Jon Merrill.
2:54 of 1st period - Stopped by Mikhail Berdin without a rebound.
2:55 of 1st period - Sean Monahan wins face-off versus Kevin Rooney in Santa Cruz Tiger Sharks zone.
3:00 of 1st period - Wrist shot by Denis Gurianov.
3:00 of 1st period - Shot Blocked by Tobias Bjornfot.
3:19 of 1st period - Minor Penalty to Tobias Bjornfot for Hooking.
3:20 of 1st period - Kailer Yamamoto wins face-off versus Max Comtois in Santa Cruz Tiger Sharks zone.
3:49 of 1st period - Slapshot by Denis Gurianov.
3:49 of 1st period - Deflect By Riley Barber.
3:49 of 1st period - Stopped by Mikhail Berdin with a rebound.
3:51 of 1st period - Wrist shot by Denis Gurianov.
3:51 of 1st period - Goal by Denis Gurianov - Santa Cruz Tiger Sharks : 0 - Newfoundland Shamrocks : 1.
3:52 of 1st period - Michael McLeod wins face-off versus Drew O'Connor in neutral zone.
3:55 of 1st period - Snap shot by Jesper Boqvist.
3:55 of 1st period - Stopped by Louis Domingue without a rebound.
3:56 of 1st period - Tanner Laczynski wins face-off versus Zach Sanford in Newfoundland Shamrocks zone.
4:01 of 1st period - Kristians Rubins is hit by Tanner Laczynski and loses puck.
4:14 of 1st period - Zach Sanford is hit by Tanner Laczynski and loses puck.
4:52 of 1st period - Snap shot by Jack Roslovic.
4:52 of 1st period - Stopped by Louis Domingue with a rebound.
4:58 of 1st period - Wrist shot by Jack Roslovic.
4:58 of 1st period - Deflect By Travis Boyd.
4:58 of 1st period - Shot Misses the Net.
4:58 of 1st period - Puck is out of play.
4:59 of 1st period - Michael McLeod wins face-off versus Raphael Lavoie in Newfoundland Shamrocks zone.
5:02 of 1st period - Slapshot by Jesper Boqvist.
5:02 of 1st period - Stopped by Louis Domingue with a rebound.
5:24 of 1st period - Carter Rowney is hit by Riley Barber and loses puck.
5:51 of 1st period - Kailer Yamamoto is hit by Tanner Laczynski and loses puck.
6:10 of 1st period - Snap shot by Evgeny Svechnikov.
6:10 of 1st period - Stopped by Louis Domingue with a rebound.
6:48 of 1st period - Snap shot by Alex Chiasson.
6:48 of 1st period - Shot Misses the Net.
6:50 of 1st period - Slapshot by Wyatte Wylie.
6:50 of 1st period - Stopped by Mikhail Berdin without a rebound.
6:51 of 1st period - Jack Roslovic wins face-off versus Nicolas Deslauriers in Santa Cruz Tiger Sharks zone.
7:43 of 1st period - Alec Regula is hit by Kevin Rooney and loses puck.
8:05 of 1st period - Slapshot by Hunter Drew.
8:05 of 1st period - Shot Misses the Net.
8:07 of 1st period - Slapshot by Hunter Drew.
8:07 of 1st period - Stopped by Louis Domingue with a rebound.
8:09 of 1st period - Snap shot by Evgeny Svechnikov.
8:09 of 1st period - Shot Misses the Net.
8:11 of 1st period - Wrist shot by Alexander Volkov.
8:11 of 1st period - Santa Cruz Tiger Sharks goal is going for a video replay.
8:11 of 1st period - The goal is good.
8:11 of 1st period - Goal by Alexander Volkov - Santa Cruz Tiger Sharks : 1 - Newfoundland Shamrocks : 1.
8:12 of 1st period - Sean Monahan wins face-off versus Michael McLeod in neutral zone.
9:23 of 1st period - Ville Heinola is hit by Hunter Drew and loses puck.
9:50 of 1st period - Wrist shot by Zach Sanford.
9:50 of 1st period - Stopped by Louis Domingue without a rebound.
9:51 of 1st period - Kevin Rooney wins face-off versus Raphael Lavoie in Newfoundland Shamrocks zone.
10:16 of 1st period - Michael McLeod is hit by Jon Merrill.
12:21 of 1st period - Slapshot by Denis Gurianov.
12:21 of 1st period - Shot Misses the Net.
12:27 of 1st period - Wrist shot by Sean Monahan.
12:27 of 1st period - Deflect By Alex Chiasson.
12:27 of 1st period - Stopped by Mikhail Berdin with a rebound.
12:39 of 1st period - Snap shot by Alex Chiasson.
12:39 of 1st period - Shot Misses the Net.
12:41 of 1st period - Wrist shot by Sean Monahan.
12:41 of 1st period - Shot Blocked by David Gustafsson.
12:43 of 1st period - Wrist shot by Alex Chiasson.
12:43 of 1st period - Stopped by Mikhail Berdin with a rebound.
12:45 of 1st period - Wrist shot by Sean Monahan.
12:45 of 1st period - Stopped by Mikhail Berdin with a rebound.
13:05 of 1st period - Wrist shot by Denis Gurianov.
13:05 of 1st period - Stopped by Mikhail Berdin without a rebound.
13:06 of 1st period - Michael McLeod wins face-off versus Raphael Lavoie in Santa Cruz Tiger Sharks zone.
13:11 of 1st period - Wrist shot by Jesper Boqvist.
13:11 of 1st period - Stopped by Louis Domingue with a rebound.
13:53 of 1st period - Sean Day is hit by Filip Hallander and loses puck.
14:05 of 1st period - Slapshot by Filip Hallander.
14:05 of 1st period - Shot Blocked by Austin Strand.
14:17 of 1st period - Jacob Bernard-Docker is hit by Jesper Boqvist and loses puck.
14:32 of 1st period - Carter Rowney is hit by Tanner Laczynski.
15:55 of 1st period - Snap shot by Jesper Boqvist.
15:55 of 1st period - Stopped by Louis Domingue with a rebound.
15:58 of 1st period - Icing by Sam Poulin.
15:59 of 1st period - Filip Hallander wins face-off versus David Gustafsson in Newfoundland Shamrocks zone.
15:59 of 1st period - Semyon Der-Arguchintsev is hit by David Gustafsson and loses puck.
16:18 of 1st period - Snap shot by Filip Hallander.
16:18 of 1st period - Shot Misses the Net.
16:46 of 1st period - Snap shot by Kieffer Bellows.
16:46 of 1st period - Stopped by Louis Domingue with a rebound.
17:15 of 1st period - Snap shot by Sean Monahan.
17:15 of 1st period - Shot Misses the Net.
17:45 of 1st period - Evgeny Svechnikov is hit by Riley Barber and loses puck.
17:52 of 1st period - Slapshot by Drew O'Connor.
17:52 of 1st period - Stopped by Mikhail Berdin without a rebound.
17:53 of 1st period - Jack Roslovic wins face-off versus Sean Monahan in Santa Cruz Tiger Sharks zone.
18:18 of 1st period - Nicolas Deslauriers is hit by Kevin Rooney and loses puck.
18:43 of 1st period - Riley Barber is hit by Tobias Bjornfot and loses puck.
19:08 of 1st period - Sean Monahan is hit by David Gustafsson and loses puck.
19:19 of 1st period - Kailer Yamamoto is hit by Sam Poulin and loses puck.
19:39 of 1st period - Off-side.
19:40 of 1st period - Tanner Laczynski wins face-off versus Kevin Rooney in neutral zone.
Goals for this period are 1 for Santa Cruz Tiger Sharks vs 1 for Newfoundland Shamrocks.
Shots for this period are 10 for Santa Cruz Tiger Sharks vs 12 for Newfoundland Shamrocks.
2nd period
0:01 of 2nd period - Sean Monahan wins face-off versus Zach Sanford in neutral zone.
0:45 of 2nd period - Kevin Rooney is hit by Wyatte Wylie and loses puck.
0:56 of 2nd period - Snap shot by Drew O'Connor.
0:56 of 2nd period - Shot Blocked by Kevin Rooney.
0:58 of 2nd period - Slapshot by Tanner Laczynski.
0:58 of 2nd period - Stopped by Mikhail Berdin with a rebound.
1:36 of 2nd period - Wrist shot by Jesper Boqvist.
1:36 of 2nd period - Shot Blocked by Dylan Coghlan.
1:38 of 2nd period - Wrist shot by Michael McLeod.
1:38 of 2nd period - Stopped by Louis Domingue without a rebound.
1:39 of 2nd period - Jack Roslovic wins face-off versus Raphael Lavoie in Newfoundland Shamrocks zone.
2:13 of 2nd period - Jacob Bernard-Docker is hit by Michael McLeod and loses puck.
2:26 of 2nd period - Snap shot by Michael McLeod.
2:26 of 2nd period - Stopped by Louis Domingue without a rebound.
2:27 of 2nd period - Tanner Laczynski wins face-off versus Kevin Rooney in Newfoundland Shamrocks zone.
2:27 of 2nd period - Tanner Laczynski is hit by Kevin Rooney.
2:53 of 2nd period - Denis Gurianov is hit by Travis Boyd and loses puck.
3:19 of 2nd period - Jon Merrill is hit by Zach Sanford and loses puck.
3:54 of 2nd period - Minor Penalty to Filip Hallander for Tripping.
3:55 of 2nd period - Sean Monahan wins face-off versus Jack Roslovic in Newfoundland Shamrocks zone.
4:06 of 2nd period - Slapshot by Drew O'Connor.
4:06 of 2nd period - Deflect By Sean Monahan.
4:06 of 2nd period - Stopped by Mikhail Berdin without a rebound.
4:07 of 2nd period - Sean Monahan wins face-off versus Michael McLeod in Santa Cruz Tiger Sharks zone.
4:18 of 2nd period - Snap shot by Drew O'Connor.
4:18 of 2nd period - Stopped by Mikhail Berdin without a rebound.
4:19 of 2nd period - Sean Monahan wins face-off versus Jack Roslovic in Santa Cruz Tiger Sharks zone.
4:26 of 2nd period - Wrist shot by Jack Roslovic.
4:26 of 2nd period - Shot Misses the Net.
4:28 of 2nd period - Wrist shot by Austin Strand.
4:28 of 2nd period - Stopped by Louis Domingue without a rebound.
4:29 of 2nd period - Jack Roslovic wins face-off versus Sean Monahan in Newfoundland Shamrocks zone.
4:32 of 2nd period - Slapshot by Kailer Yamamoto.
4:32 of 2nd period - Shot Hit the Post.
4:34 of 2nd period - Slapshot by Travis Boyd.
4:34 of 2nd period - Shot Misses the Net.
4:36 of 2nd period - Slapshot by Austin Strand.
4:36 of 2nd period - Stopped by Louis Domingue with a rebound.
4:38 of 2nd period - Slapshot by Austin Strand.
4:38 of 2nd period - Shot Blocked by Drew O'Connor.
4:40 of 2nd period - Slapshot by Austin Strand.
4:40 of 2nd period - Stopped by Louis Domingue without a rebound.
4:41 of 2nd period - Sean Monahan wins face-off versus Michael McLeod in Newfoundland Shamrocks zone.
5:18 of 2nd period - Wrist shot by Jack Roslovic.
5:18 of 2nd period - Shot Misses the Net.
5:54 of 2nd period - Penalty to Filip Hallander is over, Filip Hallander is back on ice.
6:59 of 2nd period - Slapshot by Drew O'Connor.
6:59 of 2nd period - Shot Misses the Net.
7:01 of 2nd period - Snap shot by Dylan Coghlan.
7:01 of 2nd period - Shot Misses the Net.
7:03 of 2nd period - Snap shot by Dylan Coghlan.
7:03 of 2nd period - Stopped by Mikhail Berdin without a rebound.
7:04 of 2nd period - Michael McLeod wins face-off versus Tanner Laczynski in Santa Cruz Tiger Sharks zone.
7:37 of 2nd period - Minor Penalty to Nicolas Deslauriers for High sticking.
7:38 of 2nd period - Michael McLeod wins face-off versus Sean Monahan in Newfoundland Shamrocks zone.
7:52 of 2nd period - Wrist shot by Jesper Boqvist.
7:52 of 2nd period - Goal by Jesper Boqvist - Santa Cruz Tiger Sharks : 2 - Newfoundland Shamrocks : 1.
7:53 of 2nd period - Zach Sanford wins face-off versus Raphael Lavoie in neutral zone.
7:53 of 2nd period - Zach Sanford is hit by Raphael Lavoie.
7:57 of 2nd period - Dylan Coghlan is hit by Jesper Boqvist and loses puck.
8:20 of 2nd period - Travis Boyd is hit by Sean Monahan and loses puck.
8:25 of 2nd period - Snap shot by Denis Gurianov.
8:25 of 2nd period - Stopped by Mikhail Berdin without a rebound.
8:26 of 2nd period - Sean Monahan wins face-off versus Michael McLeod in Santa Cruz Tiger Sharks zone.
8:27 of 2nd period - Wrist shot by Alex Chiasson.
8:27 of 2nd period - Stopped by Mikhail Berdin without a rebound.
8:28 of 2nd period - Michael McLeod wins face-off versus Sean Monahan in Santa Cruz Tiger Sharks zone.
8:49 of 2nd period - Minor Penalty to Sean Monahan for Hooking.
8:50 of 2nd period - Travis Boyd wins face-off versus Nicolas Deslauriers in Newfoundland Shamrocks zone.
8:53 of 2nd period - Slapshot by Jack Roslovic.
8:53 of 2nd period - Shot Blocked by Dylan Coghlan.
9:16 of 2nd period - Sean Day is hit by Dylan Coghlan and loses puck.
10:31 of 2nd period - Michael McLeod is hit by Dylan Coghlan and loses puck.
10:49 of 2nd period - Penalty to Sean Monahan is over, Sean Monahan is back on ice.
10:56 of 2nd period - Wrist shot by Alexander Volkov.
10:56 of 2nd period - Stopped by Louis Domingue without a rebound.
10:57 of 2nd period - David Gustafsson wins face-off versus Semyon Der-Arguchintsev in Newfoundland Shamrocks zone.
11:02 of 2nd period - Wrist shot by Alexander Volkov.
11:02 of 2nd period - Stopped by Louis Domingue with a rebound.
11:10 of 2nd period - Wrist shot by Semyon Der-Arguchintsev.
11:10 of 2nd period - Stopped by Mikhail Berdin without a rebound.
11:11 of 2nd period - Raphael Lavoie wins face-off versus Jack Roslovic in Santa Cruz Tiger Sharks zone.
11:16 of 2nd period - Slapshot by Max Comtois.
11:16 of 2nd period - Shot Misses the Net.
11:18 of 2nd period - Snap shot by Wyatte Wylie.
11:18 of 2nd period - Stopped by Mikhail Berdin without a rebound.
11:19 of 2nd period - Nicolas Deslauriers wins face-off versus Jack Roslovic in Santa Cruz Tiger Sharks zone.
11:26 of 2nd period - Wrist shot by Nicolas Deslauriers.
11:26 of 2nd period - Deflect By Raphael Lavoie.
11:26 of 2nd period - Goal by Raphael Lavoie - Santa Cruz Tiger Sharks : 2 - Newfoundland Shamrocks : 2.
11:27 of 2nd period - Sean Monahan wins face-off versus Jack Roslovic in neutral zone.
11:31 of 2nd period - Minor Penalty to Kailer Yamamoto for Hooking.
11:32 of 2nd period - Raphael Lavoie wins face-off versus Jack Roslovic in Santa Cruz Tiger Sharks zone.
12:10 of 2nd period - Wrist shot by Riley Barber.
12:10 of 2nd period - Goal by Riley Barber - Santa Cruz Tiger Sharks : 2 - Newfoundland Shamrocks : 3.
12:11 of 2nd period - Michael McLeod wins face-off versus Sean Monahan in neutral zone.
12:38 of 2nd period - Kailer Yamamoto is hit by Drew O'Connor.
13:25 of 2nd period - Wrist shot by Filip Hallander.
13:25 of 2nd period - Stopped by Mikhail Berdin with a rebound.
13:27 of 2nd period - Wrist shot by Filip Hallander.
13:27 of 2nd period - Stopped by Mikhail Berdin without a rebound.
13:28 of 2nd period - Sean Monahan wins face-off versus Jack Roslovic in Santa Cruz Tiger Sharks zone.
14:14 of 2nd period - Wrist shot by Alexander Volkov.
14:14 of 2nd period - Stopped by Louis Domingue with a rebound.
14:16 of 2nd period - Wrist shot by Alexander Volkov.
14:16 of 2nd period - Shot Misses the Net.
14:18 of 2nd period - Slapshot by Hunter Drew.
14:18 of 2nd period - Shot Blocked by Jon Merrill.
14:20 of 2nd period - Wrist shot by David Gustafsson.
14:20 of 2nd period - Stopped by Louis Domingue without a rebound.
14:21 of 2nd period - Sean Monahan wins face-off versus Jack Roslovic in Newfoundland Shamrocks zone.
14:33 of 2nd period - Off-side.
14:34 of 2nd period - Michael McLeod wins face-off versus Sean Monahan in neutral zone.
14:45 of 2nd period - Snap shot by Michael McLeod.
14:45 of 2nd period - Shot Blocked by Sean Monahan.
14:47 of 2nd period - Snap shot by Sean Day.
14:47 of 2nd period - Stopped by Louis Domingue with a rebound.
14:49 of 2nd period - Slapshot by Jesper Boqvist.
14:49 of 2nd period - Shot Misses the Net.
14:55 of 2nd period - Minor Penalty to Ville Heinola for Interference.
14:56 of 2nd period - Jack Roslovic wins face-off versus Sean Monahan in Newfoundland Shamrocks zone.
16:55 of 2nd period - Penalty to Ville Heinola is over, Ville Heinola is back on ice.
18:02 of 2nd period - Evgeny Svechnikov is hit by Drew O'Connor and loses puck.
18:34 of 2nd period - Kristians Rubins is hit by Ville Heinola and loses puck.
19:06 of 2nd period - Austin Strand is hit by Drew O'Connor and loses puck.
19:25 of 2nd period - Wrist shot by Alexander Volkov.
19:25 of 2nd period - Shot Blocked by Alec Regula.
19:37 of 2nd period - Sam Poulin is hit by Travis Boyd and loses puck.
Goals for this period are 1 for Santa Cruz Tiger Sharks vs 2 for Newfoundland Shamrocks.
Shots for this period are 11 for Santa Cruz Tiger Sharks vs 12 for Newfoundland Shamrocks.
3rd period
0:01 of 3rd period - Sean Monahan wins face-off versus Michael McLeod in neutral zone.
0:36 of 3rd period - Slapshot by Jesper Boqvist.
0:36 of 3rd period - Shot Misses the Net.
0:39 of 3rd period - Icing by Dylan Coghlan.
0:40 of 3rd period - Jack Roslovic wins face-off versus Tanner Laczynski in Newfoundland Shamrocks zone.
0:51 of 3rd period - Wrist shot by Riley Barber.
0:51 of 3rd period - Shot Blocked by Austin Strand.
0:53 of 3rd period - Slapshot by Drew O'Connor.
0:53 of 3rd period - Goal by Drew O'Connor - Santa Cruz Tiger Sharks : 2 - Newfoundland Shamrocks : 4.
0:54 of 3rd period - Sean Monahan wins face-off versus Jack Roslovic in neutral zone.
0:57 of 3rd period - Travis Boyd is hit by Sean Monahan and loses puck.
1:04 of 3rd period - Slapshot by Sean Monahan.
1:04 of 3rd period - Stopped by Mikhail Berdin without a rebound.
1:05 of 3rd period - Jack Roslovic wins face-off versus Sean Monahan in Santa Cruz Tiger Sharks zone.
1:30 of 3rd period - Calle Rosen is hit by Drew O'Connor and loses puck.
1:55 of 3rd period - Snap shot by Nicolas Deslauriers.
1:55 of 3rd period - Stopped by Mikhail Berdin with a rebound.
2:19 of 3rd period - Evgeny Svechnikov is hit by Jacob Bernard-Docker and loses puck.
2:34 of 3rd period - Kailer Yamamoto is hit by Sam Poulin and loses puck.
2:43 of 3rd period - Snap shot by Semyon Der-Arguchintsev.
2:43 of 3rd period - Shot Misses the Net.
2:45 of 3rd period - Slapshot by Sam Poulin.
2:45 of 3rd period - Shot Blocked by Hunter Drew.
3:07 of 3rd period - Dylan Coghlan is hit by Jesper Boqvist and loses puck.
3:49 of 3rd period - Wrist shot by David Gustafsson.
3:49 of 3rd period - Stopped by Louis Domingue with a rebound.
3:51 of 3rd period - Wrist shot by Alexander Volkov.
3:51 of 3rd period - Deflect By David Gustafsson.
3:51 of 3rd period - Shot Blocked by Tanner Laczynski.
3:51 of 3rd period - Puck is out of play.
3:52 of 3rd period - Sean Monahan wins face-off versus David Gustafsson in Newfoundland Shamrocks zone.
4:08 of 3rd period - Off-side.
4:09 of 3rd period - Jack Roslovic wins face-off versus Raphael Lavoie in neutral zone.
4:17 of 3rd period - Minor Penalty to Travis Boyd for Hooking.
4:18 of 3rd period - Alex Chiasson wins face-off versus Michael McLeod in Santa Cruz Tiger Sharks zone.
4:32 of 3rd period - Wrist shot by Alex Chiasson.
4:32 of 3rd period - Stopped by Mikhail Berdin with a rebound.
4:34 of 3rd period - Wrist shot by Max Comtois.
4:34 of 3rd period - Goal by Max Comtois - Santa Cruz Tiger Sharks : 2 - Newfoundland Shamrocks : 5.
4:35 of 3rd period - Jack Roslovic wins face-off versus Sean Monahan in neutral zone.
4:56 of 3rd period - Minor Penalty to Calle Rosen for Holding.
4:57 of 3rd period - Jack Roslovic wins face-off versus Raphael Lavoie in Santa Cruz Tiger Sharks zone.
6:25 of 3rd period - Icing by Raphael Lavoie.
6:26 of 3rd period - Raphael Lavoie wins face-off versus Jack Roslovic in Newfoundland Shamrocks zone.
6:40 of 3rd period - Minor Penalty to Sam Poulin for Roughing.
6:41 of 3rd period - Sean Monahan wins face-off versus Jack Roslovic in Newfoundland Shamrocks zone.
6:44 of 3rd period - Off-side.
6:45 of 3rd period - Alex Chiasson wins face-off versus Jack Roslovic in neutral zone.
6:48 of 3rd period - Sean Day is hit by Dylan Coghlan and loses puck.
6:56 of 3rd period - Penalty to Calle Rosen is over, Calle Rosen is back on ice.
7:01 of 3rd period - Wrist shot by Sean Monahan.
7:01 of 3rd period - Stopped by Mikhail Berdin without a rebound.
7:02 of 3rd period - Sean Monahan wins face-off versus Michael McLeod in Santa Cruz Tiger Sharks zone.
7:27 of 3rd period - Tanner Laczynski is hit by Travis Boyd and loses puck.
8:40 of 3rd period - Penalty to Sam Poulin is over, Sam Poulin is back on ice.
9:54 of 3rd period - Icing by Kieffer Bellows.
9:55 of 3rd period - Semyon Der-Arguchintsev wins face-off versus Kieffer Bellows in Santa Cruz Tiger Sharks zone.
10:08 of 3rd period - Wrist shot by Nicolas Deslauriers.
10:08 of 3rd period - Shot Misses the Net.
10:10 of 3rd period - Slapshot by Dylan Coghlan.
10:10 of 3rd period - Stopped by Mikhail Berdin with a rebound.
10:41 of 3rd period - Snap shot by Kailer Yamamoto.
10:41 of 3rd period - Stopped by Louis Domingue without a rebound.
10:42 of 3rd period - Sean Monahan wins face-off versus Jack Roslovic in Newfoundland Shamrocks zone.
10:53 of 3rd period - Snap shot by Denis Gurianov.
10:53 of 3rd period - Stopped by Mikhail Berdin with a rebound.
10:55 of 3rd period - Slapshot by Ville Heinola.
10:55 of 3rd period - Shot Misses the Net.
10:57 of 3rd period - Wrist shot by Sean Monahan.
10:57 of 3rd period - Shot Misses the Net.
10:59 of 3rd period - Wrist shot by Alex Chiasson.
10:59 of 3rd period - Goal by Alex Chiasson - Santa Cruz Tiger Sharks : 2 - Newfoundland Shamrocks : 6.
11:00 of 3rd period - Sean Monahan wins face-off versus Michael McLeod in neutral zone.
11:09 of 3rd period - Wrist shot by Denis Gurianov.
11:09 of 3rd period - Stopped by Mikhail Berdin with a rebound.
11:11 of 3rd period - Wrist shot by Sean Monahan.
11:11 of 3rd period - Stopped by Mikhail Berdin without a rebound.
11:12 of 3rd period - Michael McLeod wins face-off versus Sean Monahan in Santa Cruz Tiger Sharks zone.
11:27 of 3rd period - Wrist shot by Sean Monahan.
11:27 of 3rd period - Shot Misses the Net.
11:43 of 3rd period - Wrist shot by Nicolas Deslauriers.
11:43 of 3rd period - Shot Misses the Net.
12:25 of 3rd period - Snap shot by Kevin Rooney.
12:25 of 3rd period - Stopped by Louis Domingue with a rebound.
12:27 of 3rd period - Slapshot by Calle Rosen.
12:27 of 3rd period - Shot Misses the Net.
12:29 of 3rd period - Wrist shot by Alexander Volkov.
12:29 of 3rd period - Shot Blocked by Alec Regula.
12:31 of 3rd period - Slapshot by Alexander Volkov.
12:31 of 3rd period - Shot Misses the Net.
12:33 of 3rd period - Slapshot by Kristians Rubins.
12:33 of 3rd period - Deflect By Alexander Volkov.
12:33 of 3rd period - Shot Blocked by Semyon Der-Arguchintsev.
12:33 of 3rd period - Puck is out of play.
12:34 of 3rd period - Michael McLeod wins face-off versus Sean Monahan in Newfoundland Shamrocks zone.
12:46 of 3rd period - Snap shot by Michael McLeod.
12:46 of 3rd period - Deflect By Jesper Boqvist.
12:46 of 3rd period - Shot Blocked by Wyatte Wylie.
12:46 of 3rd period - Puck is out of play.
12:47 of 3rd period - Sean Monahan wins face-off versus Michael McLeod in Newfoundland Shamrocks zone.
13:23 of 3rd period - Snap shot by Kailer Yamamoto.
13:23 of 3rd period - Shot Blocked by Max Comtois.
13:35 of 3rd period - Kieffer Bellows is hit by Riley Barber and loses puck.
13:44 of 3rd period - Slapshot by Tanner Laczynski.
13:44 of 3rd period - Stopped by Mikhail Berdin with a rebound.
14:50 of 3rd period - Wrist shot by Nicolas Deslauriers.
14:50 of 3rd period - Shot Misses the Net.
15:00 of 3rd period - Nicolas Deslauriers is hit by Tobias Bjornfot and loses puck.
15:21 of 3rd period - Snap shot by Nicolas Deslauriers.
15:21 of 3rd period - Stopped by Mikhail Berdin with a rebound.
15:49 of 3rd period - Wrist shot by Travis Boyd.
15:49 of 3rd period - Stopped by Louis Domingue with a rebound.
15:51 of 3rd period - Slapshot by Hunter Drew.
15:51 of 3rd period - Stopped by Louis Domingue with a rebound.
15:53 of 3rd period - Slapshot by Kailer Yamamoto.
15:53 of 3rd period - Goal by Kailer Yamamoto - Santa Cruz Tiger Sharks : 3 - Newfoundland Shamrocks : 6.
15:54 of 3rd period - Michael McLeod wins face-off versus Sean Monahan in neutral zone.
15:56 of 3rd period - Off-side.
15:57 of 3rd period - Sean Monahan wins face-off versus Michael McLeod in neutral zone.
16:34 of 3rd period - Jon Merrill is hit by Sean Day and loses puck.
16:49 of 3rd period - Snap shot by Alexander Volkov.
16:49 of 3rd period - Stopped by Louis Domingue with a rebound.
16:51 of 3rd period - Wrist shot by David Gustafsson.
16:51 of 3rd period - Stopped by Louis Domingue without a rebound.
16:52 of 3rd period - Michael McLeod wins face-off versus Sean Monahan in Newfoundland Shamrocks zone.
17:40 of 3rd period - Tobias Bjornfot is hit by Wyatte Wylie and loses puck.
17:47 of 3rd period - Wrist shot by Riley Barber.
17:47 of 3rd period - Stopped by Mikhail Berdin with a rebound.
18:20 of 3rd period - Off-side.
18:21 of 3rd period - Michael McLeod wins face-off versus Sean Monahan in neutral zone.
18:24 of 3rd period - Snap shot by Zach Sanford.
18:24 of 3rd period - Stopped by Louis Domingue with a rebound.
18:44 of 3rd period - Snap shot by Sean Monahan.
18:44 of 3rd period - Shot Blocked by Austin Strand.
18:46 of 3rd period - Slapshot by Denis Gurianov.
18:46 of 3rd period - Stopped by Mikhail Berdin without a rebound.
18:47 of 3rd period - Raphael Lavoie wins face-off versus Jack Roslovic in Santa Cruz Tiger Sharks zone.
18:56 of 3rd period - Nicolas Deslauriers is hit by Kailer Yamamoto and loses puck.
19:21 of 3rd period - Wrist shot by Drew O'Connor.
19:21 of 3rd period - Goal by Drew O'Connor - Santa Cruz Tiger Sharks : 3 - Newfoundland Shamrocks : 7.
19:22 of 3rd period - Michael McLeod wins face-off versus Denis Gurianov in neutral zone.
19:25 of 3rd period - Wrist shot by Michael McLeod.
19:25 of 3rd period - Shot Misses the Net.
19:27 of 3rd period - Snap shot by Michael McLeod.
19:27 of 3rd period - Stopped by Louis Domingue with a rebound.
19:29 of 3rd period - Wrist shot by Austin Strand.
19:29 of 3rd period - Stopped by Louis Domingue with a rebound.
19:31 of 3rd period - Wrist shot by Jesper Boqvist.
19:31 of 3rd period - Shot Blocked by Jon Merrill.
19:33 of 3rd period - Snap shot by Jesper Boqvist.
19:33 of 3rd period - Shot Blocked by Alex Chiasson.
19:35 of 3rd period - Snap shot by Jesper Boqvist.
19:35 of 3rd period - Shot Misses the Net.
19:37 of 3rd period - Wrist shot by Zach Sanford.
19:37 of 3rd period - Stopped by Louis Domingue with a rebound.
19:47 of 3rd period - Sean Day is hit by Dylan Coghlan and loses puck.
Goals for this period are 1 for Santa Cruz Tiger Sharks vs 4 for Newfoundland Shamrocks.
Shots for this period are 12 for Santa Cruz Tiger Sharks vs 16 for Newfoundland Shamrocks.
Back to the Top